 Dungeon Crawl Stone Soup version 0.30-a0-694-g3340775977 (webtiles) character file.

Game seed: 12423990635541619506

92 Rrauwl the Conjurer (level 4, 0/30 HPs)
             Began as a Demonspawn Conjurer on Jan 20, 2023.
             Succumbed to an orc wizard's poison
             ... on level 3 of the Dungeon.
             The game lasted 00:10:11 (2545 turns).

Rrauwl the Conjurer (Demonspawn Conjurer)           Turns: 2545, Time: 00:10:12

Health: 0/30       AC:  3    Str:  9    XL:     4   Next: 35%
Magic:  7/7        EV: 12    Int: 19    God:
Gold:   1140       SH:  0    Dex: 12    Spells: 4/7 levels left

rFire   . . .      SeeInvis .    a - +0 short sword
rCold   . . .      Faith    .    (no shield)
rNeg    + . .      Spirit   .    e - +1 robe
rPois   .          Reflect  .    (no helmet)
rElec   .          Harm     .    (no cloak)
rCorr   .          Rampage  .    (no gloves)
Will    .....                    (no boots)
Stlth   ++                       (no amulet)
HPRegen 0.25/turn                j - ring of positive energy
MPRegen 0.10/turn                (no ring)

@: mighty, lethally poisoned (0 -> -4), hasted, studying Earth Magic, very quick
A: demonic guardian 1
a: no special abilities


You were on level 3 of the Dungeon.
You visited 1 branch of the dungeon, and saw 3 of its levels.

You collected 1140 gold pieces.

Inventory:

Hand Weapons
 a - a +0 short sword (weapon)
 b - a +0 sling
Armour
 e - a +1 robe (worn)
 g - an orb of energy
Jewellery
 i - a ring of resist corrosion
 j - a ring of positive energy (left hand)
Scrolls
 c - a scroll of teleportation
 d - a scroll of enchant armour
 k - a scroll of poison
 l - a scroll of immolation
Potions
 f - 2 potions of haste
 h - a potion of magic
 n - a potion of might


   Skills:
 - Level 2.0 Dodging
 - Level 2.0 Stealth
 - Level 2.0 Spellcasting
 + Level 5.7 Conjurations


You had 4 spell levels left.
You knew the following spells:

 Your Spells              Type           Power      Damage    Failure   Level
a - Magic Dart            Conj           92%        1d7       1%          1
b - Searing Ray           Conj           46%        2d6       2%          2

Your spell library contained the following spells:

 Spells                   Type           Power      Damage    Failure   Level
 Dazzling Flash           Conj/Hex       24%        N/A       16%         3
 Fulminant Prism          Conj/Hex       6%         3d6       45%         4
 Iskenderun's Mystic Bla  Conj/Tloc      12%        2d5       45%         4
 Alistair's Intoxication  Tmut/Pois      0%         N/A       99%         5
 Borgnjor's Vile Clutch   Necr/Erth      0%         N/A       99%         5
 Eringya's Noxious Bog    Tmut/Pois      0%         N/A       100%        6


Dungeon Overview and Level Annotations

Branches:
Dungeon (3/15)

Altars:
Gozag

Annotations:
D:3 TimeIsEndless's ghost, weakling OgWr


Innate Abilities, Weirdness & Mutations

A weak demonic guardian rushes to your aid.


Message History

You feel a bit more experienced.
You feel very sick.
You hit TimeIsEndless's ghost.
TimeIsEndless's ghost is lightly damaged.
You feel sick.
You hit TimeIsEndless's ghost.
TimeIsEndless's ghost is moderately damaged.
You feel sick.
TimeIsEndless's ghost hits you but does no damage.
You hit TimeIsEndless's ghost.
TimeIsEndless's ghost is moderately damaged.
You feel sick.
TimeIsEndless's ghost barely misses you.
You hit TimeIsEndless's ghost.
TimeIsEndless's ghost is moderately damaged.
You feel sick.
You barely miss TimeIsEndless's ghost.
TimeIsEndless's ghost is moderately damaged.
You feel sick. TimeIsEndless's ghost hits you.
* * * LOW HITPOINT WARNING * * *
A demonic guardian appears!
* * * LOW HITPOINT WARNING * * *
You feel sick.
Okay, then.
You hit TimeIsEndless's ghost.
TimeIsEndless's ghost is heavily damaged.
* * * LOW HITPOINT WARNING * * *
You feel sick.
Your quasit bites TimeIsEndless's ghost but does no damage.
Your quasit barely misses TimeIsEndless's ghost. x2
You hit TimeIsEndless's ghost.
TimeIsEndless's ghost is heavily damaged.
* * * LOW HITPOINT WARNING * * *
You feel sick. TimeIsEndless's ghost misses you.
Your quasit closely misses TimeIsEndless's ghost.
Your quasit barely misses TimeIsEndless's ghost.
Your quasit completely misses TimeIsEndless's ghost.
You closely miss TimeIsEndless's ghost.
TimeIsEndless's ghost is heavily damaged.
You die...

#(.###.## ####.......)##.##
...######## ##....>.####.##..#
...##.8∩8.###...###.####.###.#
...#∩..$.$.#....##...........##
...#8$.8$$8#...#....#####.#...###
##.#..$_.$.#.#....### #.#......
#####$.$..##...#.## #..#.####
....##''S###.###)# ##.#.....
.###.......#..)W@# #.#####.
..............##5# #####.#####.
.#..#.#......#...#####....>....##
.#..#.###......................#
...##.....##..########.........#
.............## #.........#
..........#### #.........#
..........# #...<.....#
#.........# ###########


You could see TimeIsEndless's ghost (ally target) and a friendly quasit
(summoned).

Vanquished Creatures
  An orc wizard (D:3)
  An adder (D:3)
  A dart slug (D:1)
  5 ball pythons
  4 endoplasms
  2 giant cockroaches
  4 goblins
  9 hobgoblins
  2 jackals (D:2)
  6 kobolds
  2 quokkas
  6 bats
  3 frilled lizards
  4 rats
50 creatures vanquished.

Vanquished Creatures (collateral kills)
  A quokka (D:1)
1 creature vanquished.

Grand Total: 51 creatures vanquished

Notes
Turn   | Place    | Note
-------+----------+-------------------------------------------
     0 | D:1      | Rrauwl the Demonspawn Conjurer began the quest for the Orb.
     0 | D:1      | Reached XP level 1. HP: 13/13 MP: 3/3
   204 | D:1      | Gained mutation: A weak demonic guardian rushes to your
                  | aid. [demonic ancestry]
   204 | D:1      | Reached XP level 2. HP: 14/19 MP: 5/5
   242 | D:1      | Identified a scroll of acquirement
   242 | D:1      | Acquired 942 gold pieces
   336 | D:1      | Learned a level 2 spell: Searing Ray
   392 | D:1      | Found a faded altar of an unknown god.
   724 | D:1      | Reached XP level 3. HP: 12/24 MP: 6/6
  1084 | D:2      | Reached skill level 5 in Conjurations
  2185 | D:3      | Found a runed translucent gate.
  2186 | D:3      | Found a runed translucent gate.
  2187 | D:3      | Found a runed translucent gate.
  2190 | D:3      | Found an opulent altar of Gozag.
  2191 | D:3      | Noticed TimeIsEndless's ghost (weakling OgWr)
  2394 | D:3      | Identified the +4 ring mail of Too Many Cooks {Harm rPois
                  | rC-}
  2532 | D:3      | Reached XP level 4. HP: 18/30 MP: 7/7
  2544 | D:3      | HP: 1/30 [poisoned by an orc wizard]
  2545 | D:3      | Succumbed to an orc wizard's poison

Illustrated notes

Levels and vault maps discovered:
D:1:      wheals_arrival_shading, layout_basic,
          hellmonk_ecumenical_altar_inner_sanctum, minmay_pentomino_t4
D:2:      layout_basic
D:3:      layout_rooms, ebering_ghost_gozag

Skill      XL: |  1  2  3 |
---------------+----------+-----
Dodging        | 2 |  2.0
Stealth        | 2 |  2.0
Conjurations   | 5 |  5.7
Spellcasting   | |  2.0

Action                   |  1- 3 |  4- 6 || total
-------------------------+-------+-------++-------
Melee: Short sword       |    73 |    11 ||    84
 Fire: Sling             |   108 |       ||   108
 Cast: Magic Dart        |    17 |       ||    17
  Use: Scroll            |     7 |       ||     7
       Potion            |     7 |     1 ||     8
 Stab: Distracted        |     1 |       ||     1
       Sleeping          |     1 |       ||     1
Armor: Robe              |    34 |     2 ||    36
Dodge: Dodged            |   113 |     2 ||   115

Table legend: (Time is in decaauts)
 A = Elapsed time spent in this place.
 B = Non-inter-level travel time spent in this place.
 C = Inter-level travel time spent in this place.
 D = Time resting spent in this place.
 E = Time spent auto-exploring this place.
 F = Levels seen in this place.
 G = Mean time per level.
                   A        B        C        D        E       F      G
               +--------+--------+--------+--------+--------+-----+--------+
         Total |   2557 |   2514 |     43 |    100 |   1942 |   3 |  852.3 |
       Dungeon |   2557 |   2514 |     43 |    100 |   1942 |   3 |  852.3 |
               +--------+--------+--------+--------+--------+-----+--------+

Top non-repeatable levels by time:
     D:2: 1088 daAuts
     D:1: 902 daAuts
     D:3: 567 daAuts
